 Dungeon Crawl Stone Soup version 0.32-a0-350-g4f4d228785 (webtiles) character file.

Game seed: 273460290967439689

1163 ragingrage the Cleaver (level 8, -3/58 (68) HPs)
             Began as a Mountain Dwarf Reaver on Feb 18, 2024.
             Was a Follower of Beogh.
             Slain by an ice beast (7 damage)
             ... on level 6 of the Dungeon.
             The game lasted 00:06:28 (5652 turns).

ragingrage the Cleaver (Mountain Dwarf Reaver)      Turns: 5652, Time: 00:06:29

HP:   -3/58 (68)    AC:  5    Str: 18    XL:     8   Next: 17%
MP:   9/10          EV: 10    Int: 13    God:    Beogh [*.....]
Gold: 229           SH:  0    Dex:  8    Spells: 7/10 levels left

rFire   . . .        a - +2 hand axe (flame)
rCold   . . .        (no shield)
rNeg    . . .        o - +0 ring mail
rPois   .            (no helmet)
rElec   .            (no cloak)
rCorr   .            (no gloves)
SInv    +            (no boots)
Will    .....        (no amulet)
Stlth   +            (no ring)
HPRegen 0.29/turn    z - ring of see invisible
MPRegen 0.12/turn

%: no passive effects
@: heavily drained
A: runic magic, artefact enchanting
a: Renounce Religion


You were on level 6 of the Dungeon.
You worshipped Beogh.
Beogh was aware of your devotion.
You visited 2 branches of the dungeon, and saw 7 of its levels.

You collected 285 gold pieces.
You spent 56 gold pieces at shops.

Inventory:

Hand Weapons
 a - a +2 hand axe of flaming (weapon)
 b - a +1 mace of protection
 d - a +0 sling
 C - a +0 battleaxe
Missiles
 w - 8 poisoned darts
 A - 3 boomerangs
Armour
 o - a +0 ring mail (worn)
Jewellery
 u - a ring of ice
 y - a ring of magical power
 z - a ring of see invisible (right hand)
Scrolls
 g - 2 scrolls of noise
 h - a scroll of blinking {unknown}
 k - 2 scrolls of vulnerability {unknown}
 l - a scroll of poison {unknown}
 m - a scroll of enchant armour {unknown}
 n - a scroll of amnesia {unknown}
 p - 3 scrolls of teleportation {unknown}
 q - a scroll of revelation {unknown}
 r - a scroll of silence {unknown}
 t - 2 scrolls of immolation
 v - a scroll of identify
 x - a scroll of fear {unknown}
 B - a scroll of summoning {unknown}
 D - a scroll of enchant weapon {unknown}
Potions
 c - a potion of berserk rage
 e - 4 potions of attraction {unknown}
 f - 3 potions of enlightenment {unknown}
 i - a potion of haste {unknown}
 j - 2 potions of curing
 s - 2 potions of lignification {unknown}
 E - a potion of magic {unknown}


   Skills:
 - Level 5.0 Fighting
 + Level 9.2(9.6) Axes
 - Level 3.9(7.1) Maces & Flails
 - Level 1.3 Dodging
 - Level 2.0 Stealth
 - Level 1.7 Spellcasting
 - Level 3.0 Conjurations
 - Level 2.0 Necromancy


You had 7 spell levels left.
You knew the following spells:

 Your Spells              Type           Power      Damage    Failure   Level
a - Kiss of Death         Conj/Necr      28%        2d7       11%         1
b - Momentum Strike       Conj/Tloc      10%        3d8       24%         2

Your spell library contained the following spells:

 Spells                   Type           Power      Damage    Failure   Level
 Apportation              Tloc           2%         N/A       30%         1
 Ensorcelled Hibernation  Hex/Ice        2%         N/A       41%         2
 Jinxbite                 Hex            2%         N/A       41%         2
 Hailstorm                Conj/Ice       5%         3d5       43%         3
 Passwall                 Erth           1%         N/A       65%         3
 Swiftness                Air            1%         N/A       65%         3
 Animate Armour           Summ/Erth      2%         N/A       96%         4
 Summon Lightning Spire   Summ/Air       1%         N/A       96%         4
 Alistair's Intoxication  Alch           0%         N/A       100%        5
 Lee's Rapid Deconstruct  Erth           0%         3d4*      100%        5


Dungeon Overview and Level Annotations

Branches:
Dungeon (6/15)             Temple (1/1) D:5

Altars:
Ashenzari
Fedhas
Hepliaklqana
Kikubaaqudgha
Makhleb
Nemelex Xobeh
Okawaru
Qazlal
Ru
Sif Muna
Trog
Uskayaw
Vehumet
Wu Jian
Xom
Yredelemnul
Zin
The Shining One

Shops:
D:4 :*

Annotations:
D:5 exclusion: downstairs
D:6 Prince Ribbit


Innate Abilities, Weirdness & Mutations

Your spellcasting is much less encumbered by armour.
You can use scrolls of enchantment on lesser artefacts.


Message History

There is a stone staircase leading up here.
Unknown command.
A bullfrog comes into view.
The bullfrog gives a loud, deep croak!
An ice beast comes into view.
You closely miss the bullfrog. The bullfrog hits you.
You closely miss the bullfrog. The bullfrog barely misses you.
The bullfrog hits you.
You slash the bullfrog! You burn the bullfrog. The bullfrog hits you.
You slash the bullfrog! You burn the bullfrog.
You kill the bullfrog!
You hit the ice beast.
You melt the ice beast.
The ice beast hits you. The ice beast freezes you!
You hit the ice beast but do no damage.
The ice beast hits you but does no damage.
You hit the ice beast but do no damage. The ice beast hits you.
The ice beast freezes you!
You hit the ice beast.
You melt the ice beast.
You hit the ice beast but do no damage.
The ice beast hits you but does no damage.
You barely miss the ice beast. The ice beast hits you.
The ice beast freezes you.
You barely miss the ice beast.
The ice beast hits you but does no damage.
You hit the ice beast but do no damage. The ice beast hits you.
The ice beast freezes you!
You closely miss the ice beast. The ice beast hits you.
The ice beast freezes you!
* * * LOW HITPOINT WARNING * * *
You closely miss the ice beast.
Aiming: Kiss of Death (safe; 11% risk of failure)
Press: ? - help, Q - select action, (/) - cycle Shift-Dir - straight line, f/p - ice beast
Aim: an ice beast (heavily wounded, 100% to hit)
The fragment of death hits the ice beast.
The ice beast is drained!
You feel drained. The ice beast hits you.
* * * LOW HITPOINT WARNING * * *
The ice beast freezes you!
You die...

#...## #<...# # #####
#....#
#.##.#...#######....#
....................#
###.###.#############
#...# ###.# #@# #Y#
...!....# ###.#.#?#
...#.# #.# #.# #. ..#
# #.# ..#


You could see an ice beast (drained).

Vanquished Creatures
  Eustachio (D:3)
  A water moccasin (D:5)
  2 ice beasts (D:5)
  2 ogres (D:5)
  A phantom (D:5)
  A bullfrog (D:6)
  A howler monkey (D:5)
  An orc priest (D:5)
  An orc wizard (D:5)
  3 iguanas (D:5)
  4 adders
  A white imp (D:5)
  2 dart slugs
  3 ribbon worms
  12 orcs
  8 endoplasms
  4 giant cockroaches
  14 goblins
  6 hobgoblins
  9 jackals
  3 quokkas
  12 ball pythons
  5 bats
  5 frilled lizards
  10 kobolds
  7 rats
119 creatures vanquished.

Notes
Turn   | Place    | Note
-------+----------+-------------------------------------------
     0 | D:1      | ragingrage the Mountain Dwarf Reaver began the quest for
                  | the Orb.
     0 | D:1      | Reached XP level 1. HP: 17/17 MP: 3/3
   128 | D:1      | Reached skill level 1 in Necromancy
   130 | D:1      | Reached skill level 4 in Axes
   130 | D:1      | Reached XP level 2. HP: 22/24 MP: 4/4
   339 | D:1      | Reached XP level 3. HP: 23/29 MP: 5/5
  1019 | D:2      | Reached skill level 1 in Stealth
  1274 | D:2      | Reached XP level 4. HP: 34/36 MP: 6/6
  1311 | D:2      | Learned a level 2 spell: Momentum Strike
  1384 | D:2      | Reached skill level 5 in Axes
  2199 | D:3      | Reached XP level 5. HP: 39/42 MP: 7/7
  2385 | D:3      | Reached skill level 1 in Maces & Flails
  2612 | D:3      | Found a glowing golden altar of the Shining One.
  3068 | D:4      | Found Piokax's Fire Supplies.
  3074 | D:4      | Bought a scroll of immolation for 56 gold pieces
  3105 | D:4      | Noticed Eustachio
  3157 | D:3      | Killed Eustachio
  3158 | D:3      | Reached XP level 6. HP: 20/52 MP: 8/8
  3434 | D:4      | Found Azonkuhyro's Self-Published Books.
  3554 | D:4      | Became a worshipper of Beogh the Shepherd
  3775 | D:5      | Entered Level 5 of the Dungeon
  4382 | D:5      | Reached XP level 7. HP: 60/60 MP: 9/9
  4388 | D:5      | Reached skill level 5 in Fighting
  4424 | D:5      | Reached skill level 6 in Axes
  4455 | D:5      | Found a staircase to the Ecumenical Temple.
  4558 | D:5      | Reached skill level 7 in Axes
  4859 | D:5      | Reached * piety under Beogh
  5039 | D:5      | Reached skill level 8 in Axes
  5094 | D:5      | Reached XP level 8. HP: 66/68 MP: 10/10
  5108 | D:5      | Reached skill level 9 in Axes
  5484 | D:6      | Noticed Prince Ribbit
  5537 | Temple   | Entered the Ecumenical Temple
  5652 | D:6      | Slain by an ice beast

Illustrated notes

Levels and vault maps discovered:
D:1:      lightli_arrival_isolated_outpost, layout_basic
D:2:      layout_basic, minmay_small_reverse_x
D:3:      kb_forest_paths, layout_basic, lemuel_tele_altar, minmay_misc_feat_iff
D:4:      layout_cave_pools, nicolae_custom_books,
          hangedman_abyss_or_decor_stabs, nicolae_shop_fire_sale
          [nicolae_sub_dead_trees], uniq_eustachio
D:5:      layout_basic, minmay_temple_entry_antechambers
D:6:      layout_basic, minmay_misc_feat_roman, uniq_prince_ribbit1
Temple:   nicolae_temple_bog_church

Skill      XL: |  1  2  3  4  5  6  7  8 |
---------------+-------------------------+-----
Necromancy     | 1 2 |  2.0
Axes           | 4 5 8 9 |  9.2
Stealth        | 1 2 |  2.0
Maces & Flails | 3 |  3.9
Fighting       | 3 4 5 |  5.0
Conjurations   | 3 |  3.0
Dodging        | |  1.3
Spellcasting   | |  1.7

Action                     |  1- 3 |  4- 6 |  7- 9 || total
---------------------------+-------+-------+-------++-------
  Melee: Hand axe          |   109 |    98 |    77 ||   284
         Mace              |       |   131 |       ||   131
  Throw: Dart              |       |     5 |       ||     5
   Cast: Kiss of Death     |       |     1 |     1 ||     2
 Invoke: Convert to Beogh  |       |     1 |       ||     1
    Use: Scroll            |       |     3 |       ||     3
         Potion            |       |       |     4 ||     4
 Armour: Leather armour    |    68 |    40 |       ||   108
         Ring mail         |       |   142 |    65 ||   207
  Dodge: Dodged            |    61 |   161 |    31 ||   253

Table legend: (Time is in decaauts)
 A = Elapsed time spent in this place.
 B = Non-inter-level travel time spent in this place.
 C = Inter-level travel time spent in this place.
 D = Time resting spent in this place.
 E = Time spent auto-exploring this place.
 F = Levels seen in this place.
 G = Mean time per level.
                   A        B        C        D        E       F      G
               +--------+--------+--------+--------+--------+-----+--------+
         Total |   5704 |   5351 |    353 |    716 |   3600 |   7 |  814.9 |
       Dungeon |   5702 |   5349 |    353 |    716 |   3600 |   6 |  950.3 |
        Temple |      1 |      1 |      0 |      0 |      0 |   1 |    1.0 |
               +--------+--------+--------+--------+--------+-----+--------+

Top non-repeatable levels by time:
     D:5: 1672 daAuts
     D:3: 1405 daAuts
     D:1: 967 daAuts
     D:2: 862 daAuts
     D:4: 719 daAuts
     D:6: 75 daAuts
  Temple: 1 daAuts
